 Dungeon Crawl Stone Soup version 0.18-b1-10-g3f7de93 (webtiles) character file.

248 juanjsm the Sneak (level 5, -12/24 HPs)
             Began as a Spriggan Venom Mage on Apr 29, 2016.
             Killed from afar by an orc (35 damage)
             ... with an exploding inner flame
             ... hexed by the player character
             ... on level 4 of the Dungeon.
             The game lasted 00:20:41 (4245 turns).

juanjsm the Sneak (Spriggan Venom Mage)             Turns: 4245, Time: 00:20:42

Health: -12/24     AC:  3    Str:  4    XL:     5   Next: 86%
Magic:  6/10       EV: 20    Int: 17    God:
Gold:   87         SH:  0    Dex: 17    Spells: 3 memorised, 4 levels left

rFire  . . .     SeeInvis +     n - -3 dagger (curse)
rCold  . . .     Gourm    .     a - +0 robe
rNeg   + . .     Faith    .     (shield restricted)
rPois  .         Spirit   .     (helmet restricted)
rElec  .         Dismiss  .     f - +0 cloak
rCorr  .         Reflect  .     (gloves unavailable)
SustAt .         Harm     .     (boots unavailable)
MR     .....                    (no amulet)
Stlth  +++.......               (no ring)
                                l - ring of positive energy

@: very slightly contaminated, very quick, not resistant to hostile
enchantments, fairly stealthy
A: unfitting armour, see invisible, herbivore 3, speed 3, slow metabolism 2
a: no special abilities


You were on level 4 of the Dungeon.
You were near starving.

You visited 1 branch of the dungeon, and saw 5 of its levels.

You collected 87 gold pieces.

Inventory:

Hand Weapons
 d - a +0 dagger
 m - a +0 hunting sling
 n - a cursed -3 dagger (weapon)
 x - a +3 dagger
Missiles
 h - 107 stones (quivered)
Armour
 a - a +0 robe (worn)
 f - a +0 cloak (worn)
Jewellery
 l - a ring of positive energy (left hand)
 s - an uncursed ring of positive energy
Wands
 q - a wand of confusion (44/48)
Scrolls
 e - 5 scrolls of identify
 g - 2 scrolls of random uselessness
 i - a scroll of recharging
 j - a scroll of immolation
 k - 2 scrolls of remove curse {unknown}
 t - 2 scrolls of enchant weapon {unknown}
 u - a scroll of enchant armour {unknown}
 w - a scroll of amnesia {unknown}
Potions
 o - a potion of haste
Books
 b - a Young Poisoner's Handbook

   Spells                             Type                      Level
   a - Sting                          Conjuration/Poison           1
   b - Cure Poison                    Poison                       2
   c - Mephitic Cloud                 Conjuration/Poison/Air       3
   d - Olgreb's Toxic Radiance        Poison                       4
   e - Venom Bolt                     Conjuration/Poison           5
 p - a book of Beasts

   Spells                             Type                      Level
   a - Summon Butterflies             Summoning                    1
   b - Call Canine Familiar           Summoning                    3
   c - Summon Ice Beast               Ice/Summoning                4
   d - Summon Mana Viper              Hexes/Summoning              5
   e - Summon Hydra                   Summoning                    7
Comestibles
 c - 2 bread rations


   Skills:
 + Level 0.1 Fighting
 + Level 1.0 Short Blades
 * Level 5.1 Dodging
 * Level 5.4 Stealth
 * Level 3.3 Spellcasting
 * Level 1.5 Conjurations
 + Level 4.7 Poison Magic


You had 4 spell levels left.
You knew the following spells:

 Your Spells              Type           Power        Failure   Level  Hunger
a - Sting                 Conj/Pois      ##..         6%          1    None
b - Cure Poison           Pois           ###.......   3%          2    ##.....
c - Mephitic Cloud        Conj/Pois/Air  #.......     24%         3    ###....


Dungeon Overview and Level Annotations

Branches:
Dungeon (5/15)
 Temple: D:4-7

Altars:
Cheibriados
Dithmenos
Makhleb
Nemelex Xobeh
Ru
Sif Muna
Vehumet
Yredelemnul


Innate Abilities, Weirdness & Mutations

You are tiny and cannot use many weapons and most armour.
You have supernaturally acute eyesight.
You are a herbivore.
You cover ground extremely quickly.
You need consume almost no food.


Message History

You miscast Sting.
You are very lightly contaminated with residual magic.
You feel sick. The orc closely misses you. The orc barely misses you.
Casting: Sting
Confirm with . or Enter, or press ? or * to list all spells.
Aiming: Sting
Press: ? - help, Shift-Dir - straight line, f/p - orc
Aim: an orc, wielding a flail and wearing a leather armour (inner flame)
You miscast Sting.
Nothing appears to happen.
The orc explodes!
The fiery explosion engulfs the giant gecko.
The giant gecko explodes!
The fiery explosion engulfs the giant frog skeleton.
The giant frog skeleton explodes!
The fiery explosion engulfs the orc.
You kill the orc!
Your Dodging skill increases to level 5!
The fiery explosion engulfs you!
Ouch! That really hurt!
You die...

.............Z.
##..###o....##o
# #oo...#
#oZ...# #§#####
#§# #### #§#
#..< #§#
#...... #@#
####... #o#
#...


oo# #... #..# #.#. #..# #.#. #..# #.#. #.>. #### You could see 2 orc priests, 5
orcs and a centaur skeleton.

Vanquished Creatures
  A hound (D:4)
  An orc wizard (D:4)
  A giant frog skeleton (D:4)
  A hound skeleton (D:4)
  3 gnolls (D:2)
  2 adders (D:3)
  An ooze (D:2)
  2 dart slugs (D:1)
  3 giant geckos
  5 orcs
  8 bats
  7 goblins
  7 hobgoblins
  10 jackals
  14 kobolds
  5 quokkas
  A ball python (D:3)
  6 giant newts
  8 rats
86 creatures vanquished.

Notes
Turn   | Place    | Note
--------------------------------------------------------------
     0 | D:1      | juanjsm the Spriggan Venom Mage began the quest for the Orb.
     0 | D:1      | Reached XP level 1. HP: 9/9 MP: 5/5
   568 | D:1      | Reached XP level 2. HP: 13/13 MP: 6/6
   572 | D:1      | Learned a level 2 spell: Cure Poison
  1104 | D:1      | Reached XP level 3. HP: 13/16 MP: 4/8
  1943 | D:2      | Learned a level 3 spell: Mephitic Cloud
  1994 | D:2      | Reached XP level 4. HP: 21/21 MP: 0/9
  2168 | D:2      | Reached skill level 1 in Conjurations
  2271 | D:2      | Found a shadowy altar of Dithmenos.
  2272 | D:2      | Found a radiant altar of Vehumet.
  2273 | D:2      | Found a sparkling altar of Nemelex Xobeh.
  2273 | D:2      | Found a burning altar of Makhleb.
  2273 | D:2      | Found a snail-covered altar of Cheibriados.
  2274 | D:2      | Found a deep blue altar of Sif Muna.
  2276 | D:2      | Found a basalt altar of Yredelemnul.
  2389 | D:2      | Found a sacrificial altar of Ru.
  3334 | D:3      | Reached XP level 5. HP: 22/24 MP: 5/10
  3444 | D:3      | Noticed an ice beast
  3894 | D:4      | Reached skill level 5 in Stealth
  4095 | D:4      | Reached skill level 1 in Short Blades
  4196 | D:5      | Entered Level 5 of the Dungeon
  4245 | D:4      | Reached skill level 5 in Dodging
  4245 | D:4      | Killed from afar by an orc

Skill      XL: |  1  2  3  4  5 |
---------------+----------------+-----
Stealth        | 4 5 |  5.4
Spellcasting   | 3 |  3.3
Conjurations   | 1 |  1.5
Dodging        | 4 5 |  5.1
Short Blades   | 1 |  1.0
Fighting       | |  0.1
Poison Magic   | |  4.7

Action                   |  1- 3 |  4- 6 || total
-------------------------+-------+-------++-------
Melee: Dagger            |    80 |   176 ||   256
 Cast: Sting             |    82 |    70 ||   152
  Use: Scroll            |       |     5 ||     5
       Potion            |       |     2 ||     2
 Stab: Sleeping          |    10 |    11 ||    21
Armor: Robe              |     7 |    15 ||    22
Dodge: Dodged            |    85 |   173 ||   258
